 Dungeon Crawl Stone Soup version 0.17-a0-1570-g74b7129 (webtiles) character file.

14602 dorian the Arsonist (level 11, -4/100 HPs)
             Began as a Green Draconian Fire Elementalist on July 23, 2015.
             Was a High Priest of Vehumet.
             Slain by a spiny frog (18 damage)
             ... on level 1 of the Lair of Beasts.
             The game lasted 01:01:28 (17330 turns).

dorian the Arsonist (DrFE)                         Turns: 17330, Time: 01:01:28

Health: -4/100     AC:  8    Str: 13    XL:     11   Next: 90%
Magic:  28/30      EV: 12    Int: 19    God:    Vehumet [*****.]
Gold:   206        SH:  0    Dex: 11    Spells: 7 memorised, 4 levels left

rFire  + . .     SeeInvis +     M - +10 morningstar of Demonkind {venom, rC+ MR++ Stlth-}
rCold  + + .     Clarity  .     (armour unavailable)
rNeg   . . .     SustAt   .     (no shield)
rPois  +         Gourm    .     (helmet restricted)
rElec  .         Spirit   .     (no cloak)
rCorr  .         Warding  .     (no gloves)
rMut   .         Stasis   .     j - +0 pair of boots
MR     ++...                    u - amulet of regeneration
Stlth  +.........               Q - ring of magical power
                                B - ring of Bimicvu {rF+ rC+ SInv}

@: about to teleport, repel missiles, very resistant to hostile enchantments,
very unstealthy
A: breathe noxious fumes, unfitting armour, poison resistance, robust 1, strong
1, cold-blooded, AC +7
a: Breathe Noxious Fumes, Renounce Religion


You were on level 1 of the Lair of Beasts.
You worshipped Vehumet.
Vehumet was extremely pleased with you.
You were not hungry.

You visited 3 branches of the dungeon, and saw 13 of its levels.
You also visited: Ossuary.

You collected 591 gold pieces.
You spent 385 gold pieces at shops.

Inventory:

Hand weapons
 t - a +0 blowgun
 w - a +0 halberd of flaming
 M - the +10 morningstar of Demonkind (weapon) {venom, rC+ MR++ Stlth-}
   (You found it on level 6 of the Dungeon)

   It poisons the flesh of those it strikes.
   It protects you from cold.
   It affects your resistance to hostile enchantments.
   It makes you less stealthy.
Missiles
 d - 3 curare-tipped needles
 D - 51 poisoned needles
Armour
 j - a +0 pair of boots (worn)
Jewellery
 g - an uncursed ring of protection from fire
 m - an uncursed ring of positive energy
 u - an amulet of regeneration (around neck)
 B - the ring of Bimicvu (left hand) {rF+ rC+ SInv}
   (You found it on level 4 of the Dungeon)

   [ring of protection from cold]

   It protects you from fire.
   It protects you from cold.
   It lets you see invisible.
 Q - a ring of magical power (right hand)
Magical devices
 C - a wand of frost (8)
 N - a wand of disintegration (17)
Scrolls
 h - 2 scrolls of identify
 k - a scroll of remove curse
 G - a scroll of fog
 O - 2 scrolls of teleportation
Potions
 c - 2 potions of curing
 f - a potion of invisibility {unknown}
 l - 3 potions of lignification
 o - a potion of haste {unknown}
 q - a potion of magic {unknown}
 v - 2 potions of brilliance
 z - 3 potions of might
 A - a potion of agility {unknown}
 F - 2 potions of berserk rage
 I - a potion of heal wounds {unknown}
 L - a potion of mutation {unknown}
 S - 2 potions of flight
Comestibles
 a - 5 chunks of flesh
 b - 9 bread rations
 E - 16 royal jellies
 P - 3 meat rations


   Skills:
 - Level 6.7 Fighting
 - Level 1.7 Dodging
 - Level 1.7 Stealth
 + Level 7.0 Spellcasting
 + Level 11.2 Conjurations
 + Level 11.7 Fire Magic
 + Level 3.0 Air Magic
 - Level 4.8 Poison Magic


You had 4 spell levels left.
You knew the following spells:

 Your Spells              Type           Power        Failure   Level  Hunger
a - Flame Tongue          Conj/Fire      #####        1%          1    None
b - Conjure Flame         Conj/Fire      ######..     1%          3    #......
c - Sticky Flame          Conj/Fire      ######..     1%          4    ###....
d - Fireball              Conj/Fire      ######....   1%          5    #####..
e - Mephitic Cloud        Conj/Pois/Air  ####....     1%          3    #......
f - Repel Missiles        Chrm/Air       ##....       10%         2    None
g - Swiftness             Chrm/Air       ##......     10%         2    None


Dungeon Overview and Level Annotations

Branches:
Dungeon (10/15)            Temple (1/1) D:4            Lair (2/8) D:8
    Orc (0/4) D:10

Altars:
Ashenzari
Cheibriados
Dithmenos
Elyvilon
Fedhas
Gozag
Kikubaaqudgha
Makhleb
Nemelex Xobeh
Okawaru
Qazlal
Ru
Sif Muna
Trog
Vehumet
Xom
Yredelemnul
Zin
The Shining One

Shops:
D:4 =   D:6 %   D:8 [%   D:10 :

Annotations:
D:5 1 runed door
Lair:2 Duffy's ghost, powerful NaSu


Innate Abilities, Weirdness & Mutations

You can breathe blasts of noxious fumes.
Your lurid green scales are hard (AC +7).
Your body does not fit into most forms of armour.
Your system is resistant to poisons.
You are cold-blooded and may be slowed by cold attacks.
You are robust (+10% HP).
Your muscles are strong. (Str +2)


Message History

You feel sick. The yak misses you.
The crocodile is engulfed in noxious fumes.
The crocodile bites you! The spiny frog closely misses you.
You feel sick.
The crocodile is engulfed in noxious fumes.
The crocodile appears confused.
You feel sick. The spiny frog stings you!
* * * LOW HITPOINT WARNING * * *
The yak is engulfed in noxious fumes.
The yak appears confused.
The yak gores the spiny frog!
You feel sick.
The yak is engulfed in noxious fumes.
The yak appears confused.
The spiny frog stings you!!
* * * LOW HITPOINT WARNING * * *
Drink which item? (? for menu, Esc to quit)
You feel better.
The yak gores the spiny frog.
The spiny frog closely misses you.
Read which item? (? for menu, Esc to quit)
As you read the scroll of teleportation, it crumbles to dust.
You feel strangely unstable. The spiny frog stings you!!
You die...

#.## #.#.##.#.#....
#..# ###...P#.#.#....
#.## #........#......
#÷######.P......###'.##
#.##.....>.t...#......#
#.#P...#.Y.###.........
#.#..##....#......#.#..
#..#(##F.###.....#...##
#.÷...@..##..##........
####.##......#...8...8.
#.#...)'........>...
#.##..##..#...8...8.
#.P#.[....##........
#..P..##...#......#.
#.....###.....###...
#........#.#........
#.###.#.######.....#


You could see a yak (confused), a spiny frog and a crocodile (confused).

Vanquished Creatures
  A hydra (Lair:1)
  Pikel (D:4)
  A faun (Lair:2)
  A gargoyle (D:10)
  A black mamba (Lair:1)
  A centaur skeleton (D:10)
  A spiny frog (Lair:1)
  2 komodo dragons
  A queen bee (Lair:1)
  A troll (D:9)
  A spriggan (D:7)
  Sigmund (D:6)
  2 wraiths (Ossuary)
  9 yaks
  A tarantella (shapeshifter) (D:10)
  Eustachio (D:4)
  A basilisk (Lair:1)
  2 wyverns (D:9)
  A steam dragon (D:9)
  6 swamp worms (Lair:1)
  2 hippogriffs
  2 hungry ghosts (D:10)
  2 insubstantial wisps (D:9)
  Edmund (D:3)
  2 water moccasins
  3 porcupines
  2 wasps
  An ice beast (D:5)
  2 sky beasts (D:9)
  3 orc warriors
  7 ogres
  A necrophage (D:6)
  3 crocodiles (Lair:1)
  A phantom (D:7)
  8 centaurs
  2 big kobolds
  7 giant frogs
  5 scorpions
  24 killer bees
  A wyvern skeleton (D:9)
  2 wights (Ossuary)
  2 electric eels (Lair:1)
  A crimson imp (D:9)
  A giant frog zombie (D:7)
  A quasit (D:9)
  6 hounds
  4 jellies
  A giant frog skeleton (D:5)
  Ijyb (D:3)
  A gnoll shaman (D:5)
  5 orc priests
  Natasha (thrice) (D:3)
  5 iguanas
  11 worker ants
  9 orc wizards
  A hound zombie (D:10)
  6 gnolls
  8 adders
  22 river rats (Lair:1)
  2 shadow imps
  2 oozes
  2 adder skeletons
  14 worms
  8 giant geckos
  31 orcs
  A ball python (D:4)
  18 bats
  A bat skeleton (D:7)
  9 giant cockroaches
  12 hobgoblins
  22 jackals
  A ball python skeleton (Ossuary)
  A giant gecko zombie (D:5)
  2 giant newts (D:6)
  3 goblins
  A goblin zombie (D:7)
  2 hobgoblin skeletons (Ossuary)
  3 hobgoblin zombies (Ossuary)
  A jackal zombie (D:6)
  20 kobolds
  A kobold zombie (Ossuary)
  3 orc zombies (Ossuary)
  10 rats
  A rat zombie (D:7)
  A fungus (Lair:2)
377 creatures vanquished.

Vanquished Creatures (collateral kills)
  A killer bee (Lair:1)
  A giant cockroach (D:5)
2 creatures vanquished.

Vanquished Creatures (others)
  A sky beast (D:9)
  An ogre (D:4)
  4 killer bees (Lair:1)
  A gnoll (D:4)
  An adder (D:4)
  An adder skeleton (D:4)
  A hobgoblin (D:4)
  A kobold (D:4)
  11 fungi
  8 plants (Lair:1)
30 creatures vanquished.

Grand Total: 409 creatures vanquished

Notes
Turn   | Place    | Note
--------------------------------------------------------------
     0 | D:1      | dorian the Draconian Fire Elementalist began the quest for the Orb.
     0 | D:1      | Reached XP level 1. HP: 14/14 MP: 3/3
   209 | D:1      | Reached XP level 2. HP: 18/20 MP: 1/5
   521 | D:1      | Found a shimmering altar of Xom.
  1144 | D:2      | Reached XP level 3. HP: 26/26 MP: 4/6
  1974 | D:2      | Reached skill level 4 in Fire Magic
  1974 | D:2      | Reached XP level 4. HP: 33/33 MP: 1/7
  2051 | D:2      | You fall through a shaft!
  2333 | D:2      | Found a shadowy altar of Dithmenos.
  2335 | D:2      | Found a basalt altar of Yredelemnul.
  2499 | D:3      | Noticed Natasha
  2506 | D:3      | Killed Natasha
  2682 | D:3      | Noticed Ijyb
  2694 | D:3      | Killed Ijyb
  2966 | D:3      | Noticed Natasha
  2973 | D:3      | Killed Natasha
  2973 | D:3      | Reached XP level 5. HP: 38/38 MP: 4/8
  2987 | D:3      | Noticed Natasha
  2991 | D:3      | Killed Natasha
  3300 | D:4      | Noticed Eustachio
  3307 | D:3      | Learned a level 3 spell: Conjure Flame
  3416 | D:4      | Found a glowing silver altar of Zin.
  3534 | D:4      | Noticed Edmund
  3654 | D:3      | Killed Edmund
  3654 | D:3      | Reached skill level 5 in Fire Magic
  3698 | D:4      | Reached XP level 6. HP: 39/45 MP: 9/9
  3786 | D:4      | Found Gaxkaman's Jewellery Shop.
  3831 | D:4      | Noticed a slave
  4094 | D:4      | Noticed an ogre
  4116 | D:4      | Killed an ogre
  4163 | D:4      | Noticed Pikel
  4166 | D:4      | Noticed a slave
  4168 | D:4      | Noticed a slave
  4169 | D:4      | Noticed a slave
  4172 | D:4      | Killed Pikel
  4172 | D:4      | Reached skill level 6 in Conjurations
  4172 | D:4      | Your scales start taking on a lurid green colour.
  4172 | D:4      | Gained mutation: Your system is resistant to poisons. [Green Draconian growth]
  4172 | D:4      | Reached XP level 7. HP: 48/50 MP: 4/10
  4175 | D:4      | Reached skill level 7 in Fire Magic
  4265 | D:4      | Learned a level 4 spell: Sticky Flame
  4471 | D:4      | Killed an ogre
  4562 | D:4      | Killed Eustachio
  4562 | D:4      | Reached XP level 8. HP: 57/57 MP: 6/11
  4628 | D:4      | Found a staircase to the Ecumenical Temple.
  4637 | Temple   | Entered the Ecumenical Temple
  4654 | Temple   | Became a worshipper of Vehumet
  4917 | D:4      | Got a pitted granite ring
  4918 | D:4      | Identified the ring of Bimicvu {rF+ rC+ SInv} (You found it on level 4 of the Dungeon)
  5364 | D:5      | Entered Level 5 of the Dungeon
  5592 | D:5      | Found a runed door.
  5718 | D:5      | Found a sparkling altar of Nemelex Xobeh.
  5718 | D:5      | Found a burning altar of Makhleb.
  5732 | D:5      | Acquired Vehumet's first power
  5732 | D:5      | Offered knowledge of Sting by Vehumet.
  5753 | D:5      | Found a sacrificial altar of Ru.
  5754 | D:5      | Found a deep blue altar of Sif Muna.
  6147 | D:5      | Found a sacrificial altar of Ru.
  6179 | D:5      | Reached skill level 8 in Fire Magic
  6572 | D:5      | Found a runed door.
  7062 | D:6      | Offered knowledge of Sandblast by Vehumet.
  7083 | D:6      | Learned a level 5 spell: Fireball
  7118 | D:6      | Found Fisam's Food Shop.
  7282 | D:6      | Got a brightly glowing morningstar
  7607 | D:6      | Noticed Sigmund
  7635 | D:6      | Killed Sigmund
  7635 | D:6      | Reached XP level 9. HP: 52/62 MP: 9/15
  7701 | D:6      | Identified the +10 morningstar of Demonkind {venom, rC+ MR++ Stlth-} (You found it on level 6 of the Dungeon)
  8077 | D:7      | Reached skill level 9 in Fire Magic
  8424 | D:7      | Reached skill level 5 in Spellcasting
  8485 | D:7      | Found a sand-covered staircase.
  8498 | Ossuary  | Entered an ossuary
  8553 | Ossuary  | Offered knowledge of Mephitic Cloud by Vehumet.
  8558 | Ossuary  | Learned a level 3 spell: Mephitic Cloud
  8612 | Ossuary  | Reached skill level 1 in Poison Magic
  9577 | D:7      | Acquired Vehumet's second power
  9577 | D:7      | Reached skill level 1 in Fighting
  9798 | D:7      | Gained mutation: Your muscles are strong. (Str +2) [potion of beneficial mutation]
  9949 | D:8      | You fall through a shaft for 2 floors!
  9949 | D:10     | Entered Level 10 of the Dungeon
 10189 | D:9      | Reached XP level 10. HP: 73/73 MP: 17/17
 10516 | D:9      | Reached skill level 10 in Fire Magic
 10591 | D:9      | Offered knowledge of Olgreb's Toxic Radiance by Vehumet.
 11340 | D:8      | Acquired Vehumet's third power
 11418 | D:8      | Found Axu Zas's Armour Emporium.
 11563 | D:8      | Found Ytuhy's Food Shoppe.
 11727 | D:8      | Reached skill level 5 in Fighting
 11729 | D:8      | Offered knowledge of Force Lance by Vehumet.
 11784 | D:8      | Reached skill level 10 in Conjurations
 11859 | D:8      | Found a staircase to the Lair.
 11982 | D:8      | Found a sparkling altar of Nemelex Xobeh.
 12476 | D:9      | Gained mutation: You are robust (+10% HP). [potion of beneficial mutation]
 12540 | D:10     | Noticed a gargoyle
 12551 | D:10     | Killed a gargoyle
 12632 | D:10     | Found Gereisinah's Book Shop.
 12667 | D:10     | Bought a book of Air for 385 gold pieces
 12670 | D:10     | Learned a level 2 spell: Repel Missiles
 12791 | D:10     | Found an opulent altar of Gozag.
 12907 | D:10     | Noticed a centaur skeleton
 12932 | D:10     | Killed a centaur skeleton
 12932 | D:10     | Reached XP level 11. HP: 90/97 MP: 18/18
 13055 | D:10     | Found a staircase to the Orcish Mines.
 13895 | Lair:1   | Entered Level 1 of the Lair of Beasts
 13998 | Lair:1   | Reached skill level 11 in Fire Magic
 15417 | Lair:1   | Offered knowledge of Spellforged Servitor by Vehumet.
 16382 | Lair:1   | Learned a level 2 spell: Swiftness
 16456 | Lair:2   | Reached skill level 1 in Air Magic
 16524 | Lair:1   | Noticed a five-headed hydra
 16694 | Lair:1   | Killed a five-headed hydra
 17010 | Lair:2   | Noticed Duffy's ghost (powerful NaSu)
 17330 | Lair:1   | Slain by a spiny frog

Vault maps used:
D:1:      dpeg_arrival_castle, xom_teletrap_fun
D:2:      nicolae_overflow_hidden_temple
D:3:      uniq_natasha, uniq_iyjb
D:4:      corexii_shack_village, zin_academy, lemuel_temple_firewalk_marked,
          serial_shops, shop, uniq_pikel, uniq_eustachio, uniq_edmund
D:5:      lemuel_insect_pit, grunt_temple_overflow_open, first_bread,
          nicolae_ru_awakened_eye
D:6:      serial_shops, shop, uniq_sigmund
D:7:      enter_ossuary_4, the_bakery
D:8:      boulder_corridor_run, lair_0_dummy, serial_shops, shop,
          nicolae_shop_statue_plus, nemelex_dance_club_becter
D:9:      hangedman_misty_isle
D:10:     orc_0_dummy, serial_shops,
          nicolae_shop_temple_entry_statues_fountains, grunt_gozag_breadcrumbs
Temple:   circular_temple_12
Lair:1:   special_room, serial_bayou_ford_a, worms_lemuel, grunt_megastairs_2,
          serial_bayou_shore_a
Lair:2:   statuecave_lemuel, grunt_forest_large_clearings
Ossuary:  ossuary_due_cavern

Action                   |  1- 3 |  4- 6 |  7- 9 | 10-12 || total
-------------------------+-------+-------+-------+-------++-------
Melee: Unarmed           |    72 |       |       |       ||    72
       Mace              |    21 |    41 |       |       ||    62
       Flail             |       |    37 |   239 |       ||   276
       Morningstar       |       |       |   101 |   403 ||   504
 Fire: Blowgun           |       |     5 |     2 |       ||     7
 Cast: Flame Tongue      |    41 |    44 |    52 |    16 ||   153
       Conjure Flame     |       |     1 |     5 |    11 ||    17
       Sticky Flame      |       |       |    22 |    60 ||    82
       Fireball          |       |       |       |     7 ||     7
       Mephitic Cloud    |       |       |       |     5 ||     5
       Repel Missiles    |       |       |       |     2 ||     2
       Swiftness         |       |       |       |     1 ||     1
 Abil: Breathe Noxious F |       |       |     8 |    11 ||    19
Evoke: Wand              |       |       |     5 |     1 ||     6
  Use: Scroll            |       |       |     9 |    11 ||    20
       Potion            |       |       |     5 |     3 ||     8
 Stab: Sleeping          |     1 |     1 |     1 |       ||     3
       Distracted        |     1 |       |       |       ||     1
       Confused          |       |       |     5 |     2 ||     7
  Eat: Chunk             |     4 |     6 |    17 |    24 ||    51
       Fruit             |       |     2 |     1 |       ||     3
       Meat ration       |       |       |     2 |       ||     2
       Bread ration      |       |       |       |     4 ||     4
       Pizza             |       |       |       |     1 ||     1
       Beef jerky        |       |       |       |     1 ||     1
